Map: Odyssey LE

Players

axu

  • Race: Protoss Protoss
  • League: Platinum
  • Spawn Location: 5:00

cliffhanger - Winner!

  • Race: Protoss Protoss
  • Spawn Location: 11:00

VOD

Have the link to the VOD?

Description

Time

  • Played on: Dec. 27, 2017, 10:47 a.m.
  • Length: 15:33
Show
View Real Time Build Order
Export as new Build Order

axu Protoss 

Build Orders:  

Get SALT Encoding   

  12  0:01  Probe  
  13  0:13  Probe  
  14  0:18  Pylon  
  14  0:25  Probe  
  15  0:37  Probe  
  16  0:43  Gateway  
  17  0:50  Assimilator, Probe (Chrono Boost)  
  17  1:01  Probe (Chrono Boost)  
  18  1:04  Gateway  
  18  1:08  Assimilator  
  18  1:15  Probe (Chrono Boost)  
  19  1:27  Probe (Chrono Boost)  
  19  1:29  Pylon  
  20  1:34  Cybernetics Core  
  20  1:42  Probe  
  20  1:46  Pylon  
  21  1:54  Probe  
  22  2:04  Pylon  
  22  2:06  Probe  
  23  2:08  Pylon  
  23  2:15  Stalker  
  25  2:24  Stalker  
  27  2:44  Gateway  
  27  2:51  Stalker  
  29  3:04  Pylon  
  31  3:44  Stalker  
  31  3:49  Pylon  
  20  4:32  Pylon  
  20  5:02  Stalker x2 (Chrono Boost)  
  22  5:28  Pylon  
  20  5:31  Pylon  
  20  5:34  Pylon  
  20  5:47  Pylon  
  20  5:49  Pylon  
  52  6:04  Stalker (Chrono Boost)  
  20  6:09  Stalker (Chrono Boost)  
  20  6:18  Pylon  
  24  6:19  Stalker (Chrono Boost)  
  17  6:50  Probe  
  12  7:02  Probe  
  13  7:14  Probe  
  14  7:27  Probe (Chrono Boost)  
  19  7:39  Probe (Chrono Boost)  
  20  7:45  Probe (Chrono Boost)  
  20  7:49  Pylon  
  19  7:52  Stalker (Chrono Boost)  
  19  7:53  Stalker (Chrono Boost)  
  15  8:02  Probe  
  16  8:15  Probe  
  16  8:16  Stalker  
  19  8:27  Probe  
  20  8:40  Probe  
  21  8:46  Warp Gate  
  21  9:01  Probe  
  22  9:13  Probe  
  22  9:14  Stalker  
  25  9:27  Probe  
  26  9:39  Probe  
  27  9:54  Probe  
  28  10:06  Probe  
  29  10:07  Pylon  
  29  10:18  Probe  
  30  10:30  Probe  
  29  10:42  Probe  
  28  10:59  Stalker  
  28  11:00  Stalker x2  
  34  11:29  Nexus  
  34  11:52  Stalker x2  
  34  11:53  Stalker  
  40  12:00  Twilight Council  
  39  12:17  Probe  
  39  12:22  Pylon  
  40  12:29  Probe  
  23  13:00  Probe x2  
  25  13:06  Templar Archives  
  25  13:08  Stalker x2  
  25  13:09  Stalker  
  30  13:12  Probe  
  30  13:13  Blink, Probe  
  31  13:24  Probe  
  31  13:25  Probe  
  33  13:33  Stalker  
  35  13:36  Stalker  
  37  13:46  Probe (Chrono Boost)  
  37  13:47  Probe (Chrono Boost)  
  39  13:57  Probe (Chrono Boost)  
  39  13:58  Probe (Chrono Boost)  
  41  14:02  Probe (Chrono Boost)  
  41  14:03  Probe (Chrono Boost)  
  41  14:08  Assimilator  
  43  14:11  Assimilator  
  43  14:13  Probe  
  43  14:14  Probe  
  39  14:52  High Templar x3  
  41  14:58  Pylon  
  43  15:01  Pylon  
  43  15:05  Gateway x2  
  43  15:07  Archon, Gateway  
  43  15:21  Gateway  
  43  15:22  Gateway  
Show
View Real Time Build Order
Export as new Build Order

cliffhanger Protoss - Winner!

Build Orders:  

Get SALT Encoding   

  12  0:02  Probe (Chrono Boost)  
  13  0:12  Probe (Chrono Boost)  
  14  0:19  Probe  
  15  0:37  Pylon  
  15  0:46  Pylon  
  15  1:07  Gateway  
  15  1:09  Gateway  
  15  1:12  Gateway  
  15  1:16  Pylon  
  15  1:21  Probe (Chrono Boost)  
  16  1:30  Probe (Chrono Boost)  
  17  1:38  Forge  
  17  1:55  Zealot (Chrono Boost)  
  17  1:59  Zealot x2 (Chrono Boost)  
  25  2:24  Zealot (Chrono Boost)  
  25  2:27  Zealot (Chrono Boost)  
  25  2:29  Zealot (Chrono Boost)  
  29  2:39  Photon Cannon  
  29  2:44  Photon Cannon  
  29  2:46  Pylon  
  25  3:59  Zealot  
  25  4:00  Zealot  
  25  4:02  Zealot  
  23  4:14  Cybernetics Core  
  23  4:20  Assimilator  
  23  4:21  Nexus  
  23  4:26  Zealot  
  23  4:28  Zealot, Assimilator  
  23  4:30  Zealot (Chrono Boost)  
  29  4:53  Zealot x2 (Chrono Boost)  
  33  5:03  Zealot (Chrono Boost)  
  27  6:14  Zealot  
  27  6:16  Zealot  
  27  6:17  Zealot  
  31  6:41  Zealot  
  31  6:43  Zealot  
  31  6:44  Zealot  
  31  7:01  Probe (Chrono Boost)  
  31  7:08  Probe (Chrono Boost)  
  31  7:11  Probe (Chrono Boost)  
  31  7:13  Pylon  
  33  7:15  Assimilator  
  33  7:16  Probe (Chrono Boost)  
  33  7:18  Probe (Chrono Boost)  
  33  7:20  Assimilator  
  33  7:21  Probe (Chrono Boost)  
  35  7:27  Probe  
  35  7:28  Zealot  
  36  7:30  Zealot  
  36  7:31  Zealot  
  36  7:32  Probe  
  39  7:39  Probe  
  40  7:44  Probe  
  41  7:55  Zealot  
  41  7:57  Zealot  
  45  7:58  Zealot  
  45  8:18  Probe (Chrono Boost)  
  44  8:24  Stargate  
  44  8:26  Stargate  
  43  8:28  Probe (Chrono Boost)  
  43  8:29  Stargate  
  41  8:40  Probe (Chrono Boost)  
  42  8:51  Probe (Chrono Boost)  
  42  8:55  Probe (Chrono Boost)  
  41  8:57  Nexus  
  40  9:06  Probe  
  39  9:12  Void Ray (Chrono Boost)  
  39  9:14  Void Ray (Chrono Boost)  
  49  9:22  Assimilator  
  49  9:23  Void Ray (Chrono Boost)  
  47  9:24  Pylon  
  45  9:45  Probe (Chrono Boost)  
  46  9:49  Void Ray (Chrono Boost)  
  46  9:50  Void Ray (Chrono Boost)  
  54  9:57  Probe (Chrono Boost)  
  55  10:02  Probe (Chrono Boost)  
  56  10:10  Probe (Chrono Boost)  
  58  10:17  Probe (Chrono Boost)  
  58  10:20  Probe (Chrono Boost)  
  59  10:25  Probe (Chrono Boost)  
  60  10:36  Probe  
  61  10:48  Probe  
  62  10:56  Void Ray  
  62  10:57  Void Ray  
  65  11:00  Probe  
  68  11:08  Pylon  
  68  11:10  Pylon  
  68  11:12  Probe  
  67  11:26  Void Ray  
  64  11:42  Void Ray  
  64  11:43  Void Ray  
  72  11:50  Pylon  
  72  11:52  Pylon  
  72  12:12  Probe (Chrono Boost)  
  73  12:22  Probe (Chrono Boost)  
  74  12:25  Void Ray (Chrono Boost)  
  74  12:26  Void Ray (Chrono Boost)  
  86  12:34  Void Ray (Chrono Boost)  
  86  12:38  Probe (Chrono Boost)  
  87  12:48  Probe (Chrono Boost)  
  80  13:15  Nexus  
  80  13:18  Assimilator  
  80  13:19  Protoss Air Weapons Level 1  
  80  13:28  Pylon  
  80  13:34  Photon Cannon  
  80  13:36  Photon Cannon  
  80  13:38  Photon Cannon  
  80  13:42  Pylon  
  80  13:45  Probe (Chrono Boost)  
  81  13:55  Probe (Chrono Boost)  
  82  13:56  Void Ray  
  82  13:57  Void Ray  
  82  13:58  Void Ray  
  82  14:00  Pylon, Probe (Chrono Boost)  
  95  14:06  Stargate  
  95  14:13  Stargate  
  95  14:30  Probe (Chrono Boost)  
  96  14:41  Probe (Chrono Boost)  
  97  14:45  Probe (Chrono Boost)  
  98  14:56  Probe  
  99  15:01  Photon Cannon  
  99  15:07  Photon Cannon  
  99  15:09  Probe  
  99  15:13  Photon Cannon  
  101  15:31  Twilight Council  
Tags
 
League
Platinum
Matchup
PvP
Spawn Locations
Cross Positions
Add a new tag
Caveats
  • Supply blocks, unpowered buildings, or Contaminate may cause inaccurate times.
  • Supply counts are checked every 10 seconds.